 Dungeon Crawl Stone Soup version 0.17.0-56-gd8de76c (console) character file.

910 Kloppie the Destroyer (level 7, -3/45 HPs)
             Began as a High Elf Conjurer on Dec 6, 2015.
             Shot with an arrow by a centaur (15 damage)
             ... on level 7 of the Dungeon.
             The game lasted 00:09:47 (4783 turns).

Kloppie the Destroyer (High Elf Conjurer)           Turns: 4783, Time: 00:09:47

Health: -3/45      AC:  5    Str:  7    XL:     7   Next: 81%
Magic:  11/15      EV: 13    Int: 21    God:
Gold:   270        SH:  0    Dex: 16    Spells: 4 memorised, 3 levels left

rFire  . . .     SeeInvis .     A - +2 falchion (flame)
rCold  . . .     Clarity  .     a - +0 robe
rNeg   + . .     SustAt   .     (no shield)
rPois  .         Gourm    .     (no helmet)
rElec  .         Spirit   .     n - +0 cloak
rCorr  .         Warding  +     t - +1 pair of gloves
rMut   .         Stasis   .     (no boots)
MR     .....                    q - amulet of warding
Stlth  ++........               (no ring)
                                (no ring)

@: not resistant to hostile enchantments, unstealthy
A: no striking features
a: no special abilities


You were on level 7 of the Dungeon.
You were hungry.

You visited 1 branch of the dungeon, and saw 7 of its levels.

You collected 270 gold pieces.

Inventory:

Hand Weapons
 A - a +2 falchion of flaming (weapon)
Armour
 a - a +0 robe (worn)
 n - a +0 cloak (worn)
 t - a +1 pair of gloves (worn)
Jewellery
 q - an amulet of warding (around neck)
Wands
 m - a wand of teleportation (5)
Scrolls
 e - a scroll of enchant armour
 h - a scroll of remove curse
 j - 3 scrolls of immolation
 k - a scroll of noise
 o - 2 scrolls of fear
Potions
 f - 2 potions of heal wounds
 i - a potion of flight
 l - 2 potions of curing
 s - a potion of haste {unknown}
 u - a potion of cancellation {unknown}
 v - a potion of lignification {unknown}
 w - a potion of brilliance {unknown}
 x - 2 potions of degeneration {unknown}
Books
 b - a book of Conjurations

   Spells                             Type                      Level
   a - Magic Dart                     Conjuration                  1
   b - Searing Ray                    Conjuration                  2
   c - Dazzling Spray                 Conjuration/Hexes            3
   d - Fulminant Prism                Conjuration/Hexes            4
   e - Iskenderun's Mystic Blast      Conjuration                  4
   f - Iskenderun's Battlesphere      Conjuration/Charms           5
Comestibles
 c - 4 bread rations
 p - a meat ration


   Skills:
 + Level 2.5 Fighting
 - Level 2.1 Dodging
 - Level 2.1 Stealth
 - Level 4.8 Spellcasting
 * Level 8.1 Conjurations
 * Level 4.9 Charms


You had 3 spell levels left.
You knew the following spells:

 Your Spells              Type           Power        Failure   Level  Hunger
a - Magic Dart            Conj           ####         1%          1    None
b - Searing Ray           Conj           #####.       1%          2    None
c - Iskenderun's Mystic   Conj           #####...     4%          4    ####...
d - Iskenderun's Battles  Conj/Chrm      ####....     24%         5    #####..


Dungeon Overview and Level Annotations

Branches:
Dungeon (7/15)
 Temple: D:4-7

Altars:
Cheibriados
Nemelex Xobeh

Annotations:
D:2 Sigmund
D:4 Eustachio
D:5 Kloppie's ghost, amateur HECj


Message History

The centaur shoots an arrow.
The arrow closely misses you.
The centaur shoots an arrow.
The arrow hits you!
* * * LOW HITPOINT WARNING * * *
You see here an arrow.
Casting: Searing Ray
Confirm with . or Enter, or press ? or * to list all spells.
Aiming: Searing Ray
Press: ? - help, Shift-Dir - straight line, f - centaur
Aim: a centaur, wielding a shortbow The searing ray hits the centaur.
The centaur is moderately wounded.
The searing ray hits the centaur.
The centaur is heavily wounded.
The centaur shoots an arrow.
The arrow misses you.
The searing ray hits the centaur.
The centaur is severely wounded.
The centaur shoots an arrow.
The arrow hits you.
* * * LOW HITPOINT WARNING * * *
The centaur shoots an arrow.
The arrow hits you!
You die...

.....#
.....# #
##....##
..###......
..........
#....c.#
#._...#
#..@.##
#...(.###
#..#..<.)#
#.#......#
#......(.#
#........##
#.###...##
## #####


You could see a centaur.

Vanquished Creatures
  A sky beast (D:6)
  2 ogres (D:6)
  A centaur (D:6)
  A giant frog (D:5)
  2 crimson imps (D:6)
  4 orc priests
  2 orc wizards
  An iguana (D:6)
  5 worker ants
  A hound zombie (D:6)
  A worker ant zombie (D:6)
  4 adders
  An ooze (D:4)
  9 orcs
  8 bats
  A giant cockroach (D:1)
  14 goblins
  6 hobgoblins
  2 kobolds
  3 quokkas
  A ball python skeleton (D:6)
  A giant gecko skeleton (D:4)
  A giant gecko zombie (D:5)
  4 giant newts
  A quokka zombie (D:6)
  5 rats
82 creatures vanquished.

Notes
Turn   | Place    | Note
--------------------------------------------------------------
     0 | D:1      | Kloppie the High Elf Conjurer began the quest for the Orb.
     0 | D:1      | Reached XP level 1. HP: 11/11 MP: 4/4
   331 | D:1      | Reached XP level 2. HP: 17/17 MP: 4/6
   335 | D:1      | Learned a level 2 spell: Searing Ray
   763 | D:2      | Reached XP level 3. HP: 13/21 MP: 0/8
   917 | D:2      | Reached skill level 5 in Conjurations
   945 | D:2      | Noticed Sigmund
  1526 | D:3      | Found a snail-covered altar of Cheibriados.
  1752 | D:4      | Reached XP level 4. HP: 27/27 MP: 5/10
  1796 | D:4      | Learned a level 4 spell: Iskenderun's Mystic Blast
  1926 | D:4      | Noticed Eustachio
  1964 | D:5      | Entered Level 5 of the Dungeon
  1989 | D:5      | Reached skill level 6 in Conjurations
  1989 | D:5      | Reached XP level 5. HP: 18/31 MP: 2/12
  2596 | D:5      | Learned a level 5 spell: Iskenderun's Battlesphere
  2722 | D:5      | Reached skill level 1 in Charms
  2813 | D:5      | Noticed a giant frog
  2821 | D:5      | Killed a giant frog
  2821 | D:5      | Reached XP level 6. HP: 26/36 MP: 5/14
  2966 | D:5      | Noticed Kloppie's ghost (amateur HECj)
  3434 | D:6      | Reached skill level 7 in Conjurations
  3621 | D:6      | Reached skill level 1 in Fighting
  3621 | D:6      | Reached XP level 7. HP: 41/43 MP: 9/15
  4249 | D:6      | Reached skill level 8 in Conjurations
  4666 | D:7      | Found a sparkling altar of Nemelex Xobeh.
  4783 | D:7      | Shot with an arrow by a centaur

Action                   |  1- 3 |  4- 6 |  7- 9 || total
-------------------------+-------+-------+-------++-------
Melee: Whip              |     1 |       |       ||     1
       Dagger            |       |    14 |       ||    14
       Falchion          |       |       |    19 ||    19
 Cast: Magic Dart        |    68 |    90 |    34 ||   192
       Searing Ray       |       |     7 |     6 ||    13
  Use: Scroll            |       |     9 |     3 ||    12
  Eat: Chunk             |     2 |     6 |     3 ||    11
